 Dungeon Crawl Stone Soup version 0.27-a0-1555-g0e7b3fb1d2 (webtiles) character file.

Game seed: 9996892237634706231

100 blackman the Firebug (level 5, -4/38 HPs)
             Began as a Human Wanderer on July 14, 2021.
             Was a Believer of Elyvilon.
             Splashed by a jelly's acid (11 damage)
             ... on level 3 of the Dungeon.
             The game lasted 00:13:32 (4906 turns).

blackman the Firebug (Human Wanderer)               Turns: 4906, Time: 00:13:33

Health: -4/38      AC: -7    Str: 15    XL:     5   Next: 3%
Magic:  6/8        EV: 10    Int: 11    God:    Elyvilon [**....]
Gold:   53         SH:  0    Dex: 12    Spells: 7/8 levels left

rFire    . . .     SeeInvis .   a - +0 hand axe
rCold    . . .     Faith    .   (no shield)
rNeg     . . .     Spirit   .   g - +0 ring mail
rPois    .         Reflect  .   (no helmet)
rElec    .         Harm     .   (no cloak)
rCorr    .         Rampage  .   (no gloves)
Will     .....                  (no boots)
Stlth    +.........             (no amulet)
HPRegen  0.12/turn              (no ring)
MPRegen  0.11/turn              (no ring)

@: corroded
A: no striking features
a: Renounce Religion, Lesser Healing, Heal Other, Divine Protection


You were on level 3 of the Dungeon.
You worshipped Elyvilon.
Elyvilon was pleased with you.
You visited 1 branch of the dungeon, and saw 3 of its levels.

You collected 53 gold pieces.

Inventory:

Hand Weapons
 a - a +0 hand axe (weapon)
 b - a +0 hunting sling
 l - a +2 mace
 p - a +0 club
Missiles
 m - 47 sling bullets
Armour
 g - a +0 ring mail (worn)
 o - a +0 robe
Jewellery
 d - a ring of magical power
Scrolls
 c - a scroll of holy word {unknown}
 e - a scroll of fear {unknown}
 f - a scroll of enchant armour {unknown}
 k - a scroll of teleportation {unknown}
 n - a scroll of enchant weapon {unknown}
Potions
 h - 2 potions of brilliance {unknown}
 i - a potion of haste {unknown}
 j - a potion of lignification {unknown}


   Skills:
 - Level 2.1 Fighting
 * Level 2.8(3.3) Axes
 - Level 2.6(3.2) Maces & Flails
 - Level 1.2 Stealth
 - Level 2.0 Spellcasting
 - Level 3.0 Fire Magic
 - Level 1.2 Evocations


You had 7 spell levels left.
You knew the following spells:

 Your Spells              Type           Power      Damage    Failure   Level
a - Apportation           Tloc           2%         N/A       50%         1

Your spell library contained the following spells:

 Spells                   Type           Power      Damage    Failure   Level
 Ensorcelled Hibernation  Hex/Ice        2%         N/A       65%         2
 Slow                     Hex            1%         N/A       65%         2
 Portal Projectile        Hex/Tloc       2%         N/A       86%         3


Dungeon Overview and Level Annotations

Branches:
Dungeon (3/15)

Altars:
Elyvilon


Message History

You hit the hobgoblin but do no damage.
The hobgoblin is moderately wounded.
The hobgoblin hits you but does no damage.
You hit the hobgoblin.
The hobgoblin is almost dead.
The hobgoblin closely misses you.
You hit the hobgoblin.
You kill the hobgoblin!
The dart slug launches a dart at you. The slug dart hits you.
You have reached level 5!
The dart slug closely misses you.
Things that are here:
a +0 club; a hobgoblin corpse You slash the dart slug!
The dart slug is almost dead.
The dart slug closely misses you.
You hit the dart slug.
You kill the dart slug!
A jelly comes into view.
The jelly quivers.
The jelly closely misses you.
You hit the jelly. The acid corrodes you!
Your hands burn!
The jelly is lightly wounded.
The jelly hits you. The acid corrodes you!
You are splashed with acid!
The jelly jiggles.
Things that are here:
a +0 club; a hobgoblin corpse
p - a +0 club The jelly hits you.
You are splashed with acid!
* * * LOW HITPOINT WARNING * * *
You fail to use your ability.
The jelly barely misses you.
You are healed.
The jelly hits you.
* * * LOW HITPOINT WARNING * * *
The acid corrodes you!
You are splashed with acid!
* * * LOW HITPOINT WARNING * * *
You are healed.
The jelly hits you.
* * * LOW HITPOINT WARNING * * *
You are splashed with acid!
You die...

#.(.(# .###
#....##.#...
#.#.........# # #..
#.##.# .##.# ##.#.#
...# #...###.. #.#
##...<...#
#..###†.........
#.#.@J##########
#...### ..#######)..###
..............#
..#######.#.#.#
##.###..## #.##
##.[##############
#..###.................
#...#....##############


You could see a jelly.

Vanquished Creatures
  An orc wizard (D:3)
  An adder (D:2)
  A worm (D:3)
  2 dart slugs
  4 orcs (D:3)
  6 ball pythons
  4 endoplasms
  4 giant cockroaches
  6 goblins
  6 hobgoblins
  2 jackals (D:3)
  A quokka (D:3)
  2 bats
  2 frilled lizards (D:3)
  5 kobolds
  4 rats
51 creatures vanquished.

Notes
Turn   | Place    | Note
-------+----------+-------------------------------------------
     0 | D:1      | blackman the Human Wanderer began the quest for the Orb.
     0 | D:1      | blackman set off with the following items: a +2 mace, a +0
                  | robe; and the following spell memorised: Apportation; and
                  | the following spells available to memorise: Ensorcelled
                  | Hibernation, Slow, Portal Projectile
     0 | D:1      | Reached XP level 1. HP: 16/16 MP: 3/3
   424 | D:1      | Reached XP level 2. HP: 19/22 MP: 5/5
   611 | D:1      | Found a faded altar of an unknown god.
   626 | D:1      | Became a worshipper of Elyvilon the Healer
   626 | D:1      | Reached * piety under Elyvilon
  1279 | D:1      | Reached XP level 3. HP: 21/27 MP: 6/6
  2202 | D:2      | Reached ** piety under Elyvilon
  2604 | D:2      | Reached skill level 1 in Axes
  3295 | D:3      | Reached XP level 4. HP: 24/33 MP: 7/7
  4893 | D:3      | Reached XP level 5. HP: 27/38 MP: 8/8
  4905 | D:3      | HP: 1/38 [acid (9)]
  4906 | D:3      | Splashed by a jelly's acid

Illustrated notes

Levels and vault maps discovered:
D:1:      dpeg_arrival_fog, layout_loops_corners, basic_ecumenical_altar
D:2:      layout_loops_ring
D:3:      layout_loops_ring, st_stairs_5, uniq_crazy_yiuf_cottage

Skill      XL: |  1  2  3  4 |
---------------+-------------+-----
Maces & Flails | 2 |  2.6
Axes           | 1 2 |  2.8
Fighting       | |  2.1
Stealth        | |  1.2
Spellcasting   | |  2.0
Fire Magic     | |  3.0
Evocations     | |  1.2

Action                   |  1- 3 |  4- 6 || total
-------------------------+-------+-------++-------
Melee: Mace              |    66 |       ||    66
       Hand axe          |    31 |    60 ||    91
 Fire: Hunting sling     |       |    29 ||    29
Invok: Lesser Healing    |       |     5 ||     5
 Stab: Sleeping          |     3 |       ||     3
Armor: Robe              |     3 |       ||     3
       Ring mail         |    30 |    29 ||    59
Dodge: Dodged            |    46 |    33 ||    79

Table legend: (Time is in decaauts)
 A = Elapsed time spent in this place.
 B = Non-inter-level travel time spent in this place.
 C = Inter-level travel time spent in this place.
 D = Time resting spent in this place.
 E = Time spent auto-exploring this place.
 F = Levels seen in this place.
 G = Mean time per level.
                   A        B        C        D        E       F      G
               +--------+--------+--------+--------+--------+-----+--------+
         Total |   4946 |   4794 |    152 |   2393 |   1782 |   3 | 1648.7 |
       Dungeon |   4946 |   4794 |    152 |   2393 |   1782 |   3 | 1648.7 |
               +--------+--------+--------+--------+--------+-----+--------+

Top non-repeatable levels by time:
     D:2: 2495 daAuts
     D:1: 1504 daAuts
     D:3: 946 daAuts
